 Dungeon Crawl Stone Soup version 0.29.1-15-g9cfb28693d (webtiles) character file.

Game seed: 812220902331155936

137 Peloso the Slasher (level 5, -7/46 HPs)
             Began as a Minotaur Fighter on Mar 6, 2023.
             Killed by divine providence
             ... invoked by an orc priest
              (14 damage)
             ... on level 3 of the Dungeon.
             The game lasted 00:03:49 (2243 turns).

Peloso the Slasher (Minotaur Fighter)               Turns: 2243, Time: 00:03:49

Health: -7/46      AC:  8    Str: 20    XL:     5   Next: 0%
Magic:  4/4        EV: 10    Int:  5    God:
Gold:   61         SH:  5    Dex: 18    Spells: 4/4 levels left

rFire   + . .      SeeInvis +   a - +1 long sword
rCold   . . .      Faith    .   c - +0 buckler
rNeg    . . .      Spirit   .   b - +1 scale mail
rPois   +          Reflect  .   (helmet restricted)
rElec   .          Harm     .   (no cloak)
rCorr   .          Rampage  .   (no gloves)
Will    .....                   (no boots)
Stlth   ..........              (no amulet)
HPRegen 0.15/turn               e - ring of Egoassuo {rF+ Dex+6 Slay+2 SInv}
MPRegen 0.09/turn               f - ring of poison resistance

@: attractive
A: horns 2, retaliatory headbutt
a: no special abilities


You were on level 3 of the Dungeon.
You visited 1 branch of the dungeon, and saw 3 of its levels.

You collected 61 gold pieces.

Inventory:

Hand Weapons
 a - a +1 long sword (weapon)
Armour
 b - a +1 scale mail (worn)
 c - a +0 buckler (worn)
Jewellery
 e - the ring of Egoassuo (left hand) {rF+ Dex+6 Slay+2 SInv}
   (You acquired it on level 2 of the Dungeon)

   [ring of dexterity]

   Dex:       It affects your dexterity (+6).
   Slay:      It affects your accuracy & damage with ranged weapons and melee
   (+2).
   rF:        It protects you from fire.
   SInv:      It lets you see invisible.
 f - a ring of poison resistance (right hand)
 l - a ring of see invisible
Scrolls
 g - a scroll of magic mapping {unknown}
 h - a scroll of identify {unknown}
Potions
 d - 2 potions of might
 i - a potion of attraction
 k - a potion of magic {unknown}
 m - a potion of flight {unknown}


   Skills:
 + Level 4.1 Fighting
 + Level 4.8 Long Blades
 + Level 4.3 Armour
 + Level 1.2 Dodging
 + Level 4.1 Shields


You had 4 spell levels left.
You didn't know any spells.
Your spell library contained the following spells:

 Spells                   Type           Power      Damage    Failure   Level
 Ensorcelled Hibernation  Hex/Ice        0%         N/A       96%         2
 Poisonous Vapours        Pois/Air       0%         N/A       96%         2
 Call Canine Familiar     Summ           0%         N/A       99%         3
 Gell's Gravitas          Tloc           0%         N/A       99%         3
 Lesser Beckoning         Tloc           0%         N/A       99%         3
 Portal Projectile        Hex/Tloc       0%         N/A       99%         3
 Spider Form              Tmut/Pois      0%         N/A       99%         3
 Teleport Other           Tloc           0%         N/A       99%         3
 Anguish                  Hex/Necr       0%         N/A       100%        4
 Corpse Rot               Necr/Pois/Air  0%         N/A       100%        4
 Leda's Liquefaction      Hex/Erth       0%         N/A       100%        4


Dungeon Overview and Level Annotations

Branches:
Dungeon (3/15)

Altars:

Shops:
D:3 (


Innate Abilities, Weirdness & Mutations

You have a pair of horns on your head.
You reflexively headbutt those who attack you in melee.


Message History

The orc is almost dead.
The orc closely misses you.
You slash the orc!
You kill the orc!
The orc priest hits you with a +0 hand axe.
Things that are here:
a +0 hand axe; 7 gold pieces You hit the orc priest.
The orc priest is lightly wounded.
You block the orc priest's attack.
A quokka comes into view.
You barely miss the orc.
The orc priest invokes the aid of Beogh against you.
Beogh smites you!
* * * LOW HITPOINT WARNING * * *
You slash the orc!
You kill the orc!
You have reached level 5!
You hit the orc priest.
The orc priest is lightly wounded.
The orc priest mumbles some strange prayers to Beogh against you.
Pain shoots through your body!
* * * LOW HITPOINT WARNING * * *
Unknown command.
It was a potion of attraction.
You feel attractive to monsters.
The orc priest hits you with a +0 hand axe.
* * * LOW HITPOINT WARNING * * *
You barely miss the orc priest. Your headbutt misses the orc priest.
The orc priest is lightly wounded.
The orc priest hits you but does no damage.
You hit the orc priest.
The orc priest is heavily wounded.
You block the orc priest's attack.
You barely miss the orc priest. Your headbutt misses the orc priest.
The orc priest is heavily wounded.
The orc priest hits you but does no damage.
The orc priest mumbles some strange prayers to Beogh against you.
Beogh smites you!
You die...

#.. .. ## ..
.# #..#.
#..o. #.#o#
#.#o# #.#@#
#.#.# #.#.#
#...#
#.#####
#.....#
#.###.# #.#
#.# ######
#.# #.#
##.####.....


You could see 2 orc priests and an orc.

Vanquished Creatures
  7 gnolls
  An adder (D:3)
  A worm (D:2)
  3 dart slugs
  3 orcs (D:3)
  2 endoplasms
  5 goblins
  4 hobgoblins
  2 quokkas
  4 ball pythons
  9 bats
  2 frilled lizards (D:2)
  4 kobolds
  5 rats
52 creatures vanquished.

Notes
Turn   | Place    | Note
-------+----------+-------------------------------------------
     0 | D:1      | Peloso the Minotaur Fighter began the quest for the Orb.
     0 | D:1      | Reached XP level 1. HP: 19/19 MP: 0/0
    26 | D:1      | Found a faded altar of an unknown god.
   435 | D:1      | Reached XP level 2. HP: 27/27 MP: 1/1
  1131 | D:2      | Reached XP level 3. HP: 33/33 MP: 2/2
  1200 | D:1      | Reached skill level 1 in Dodging
  1381 | D:2      | Reached XP level 4. HP: 27/40 MP: 3/3
  1866 | D:2      | Identified a scroll of acquirement
  1866 | D:2      | Acquired the ring of Egoassuo {rF+ Dex+6 Slay+2 SInv}
  2008 | D:3      | Found Wadout Ikeno's Weapon Boutique.
  2239 | D:3      | Reached XP level 5. HP: 13/46 MP: 4/4
  2243 | D:3      | Killed from afar by an orc priest

Illustrated notes

Levels and vault maps discovered:
D:1:      dpeg_arrival_tiny_h, layout_loops_corners,
          nicolae_ecumenical_lake_church
D:2:      layout_basic
D:3:      layout_loops_ring, serial_shops, shop, shop,
          nicolae_shop_advertising_works [nicolae_subvault_shop_adworks],
          shop_fountains, uniq_sigmund

Skill      XL: |  1  2  3  4 |
---------------+-------------+-----
Shields        | 4 |  4.1
Armour         | 4 |  4.3
Fighting       | 4 |  4.1
Long Blades    | 3 4 |  4.8
Dodging        | 1 |  1.2

Action                   |  1- 3 |  4- 6 || total
-------------------------+-------+-------++-------
Melee: Long sword        |    65 |    53 ||   118
       Headbutt          |    12 |     5 ||    17
  Use: Potion            |     2 |     1 ||     3
       Scroll            |       |     6 ||     6
Armor: Scale mail        |    45 |    26 ||    71
Dodge: Dodged            |    43 |    21 ||    64
Block: Buckler           |    29 |    18 ||    47
